[Event "*** Titled Tuesday Blitz"]
[Site "Chess.com"]
[Date "2020.05.26"]
[Round "10"]
[White "wannabe2700"]
[Black "nihalsarin"]
[Result "0-1"]
[WhiteElo "2721"]
[BlackElo "3020"]
[TimeControl "180+1"]
[EndTime "12:02:31 PDT"]
[Termination "nihalsarin won by resignation"]

1. e4 d5 2. exd5 Qxd5 3. Nc3 Qd6 4. d4 Nf6 5. Nf3 Nc6 6. Be2 a6 7.
g3 Bg4 8. Bf4 Qd8 9. h3 Bh5 10.
g4 Bg6 11. Qd2 e6 12. a3 Bd6 13. O-O-O O-O 14. Rhe1 b5 15. Ne5 Ne7 16. Bf3 Rb8 17.
g5 Nfd5 18. Nxd5 exd5 19. b4 a5 20. Kb2 Ra8 21. Ra1 Be4 22. Rxe4 dxe4 23. Bxe4 axb4 24. axb4 Rxa1 25. Kxa1 Ng6 26. Nxg6 hxg6 27. Be3 Qe7 28. Bc6 Bxb4 29. Qd3 Qd6 30. Qxb5 Bc3+ 31. Ka2 Ba5 32. Kb3 Bb6 33. c3 Rb8 34. Kc2 Qe6 35. Bd5 Qf5+ 36.
Kd2 Rd8 37. c4 Qxh3 38. Qc6 Qd7 39. Qxd7 Rxd7 40. Bc6 Rd6 41. d5 Bxe3+ 42. fxe3 Kf8 43. e4 f6 44. c5 Rxc6 45. dxc6 fxg5 46. Ke3 Ke7 47.
Kf3 Ke6 48. Kg4 Kf6 49. Kg3 Ke5 50. Kf3 Kd4 51. Kg4 Kxe4 52. Kxg5 Kd5 53. Kxg6 Kxc6 54. Kxg7 Kxc5 55. Kf6 Kd4 56. Kf5 c5 57. Kf4 c4 58.
Kf3 Kd3 59. Kf2 Kd2 60. Kg2 c3 61. Kf3 c2 62. Ke4 c1=Q 63. Kd4 Qc3+ 64. Kd5 0-1

[Event "*** Titled Tuesday Blitz"]
[Site "Chess.com"]
[Date "2020.05.26"]
[Round "10"]
[White "CyberneticLion"]
[Black "Bubachess1608"]
[Result "1-0"]
[WhiteElo "2436"]
[BlackElo "2312"]
[TimeControl "180+1"]
[EndTime "12:02:34 PDT"]
[Termination "CyberneticLion won on time"]

1. e4 c5 2. c3 e6 3. d4 d5 4. exd5 exd5 5. Nf3 Nf6 6. Be3 cxd4 7. Nxd4 Nc6 8. Bb5 Bd7 9. O-O Be7 10. Nd2 O-O 11.
N2f3 Re8 12. h3 Rc8 13. Nxc6 bxc6 14. Ba6 Ra8 15. Ne5 Qc7 16. Nxd7 Nxd7 17. Qg4 Ne5 18. Qa4 Bd6 19. Rfe1 Ng6 20. Bf1 Bh2+ 21. Kh1 Bf4 22. Bc5 Bd6 23. Rxe8+ Rxe8 24. Qxa7 Qxa7 25. Bxa7 c5 26.
a4 Ne7 27. a5 Ra8 28. Bb6 Nc8 29. Rd1 Ne7 30. Bc4 dxc4 31. Rxd6 f6 32. Rd8+ Rxd8 33.
Bxd8 Nc6 34. a6 Na7 35. Bb6 Nc8 36. Bxc5 Kf7 37. a7 1-0

[Event "*** Titled Tuesday Blitz"]
[Site "Chess.com"]
[Date "2020.05.26"]
[Round "10"]
[White "Richarzard69"]
[Black "dianosky"]
[Result "1-0"]
[WhiteElo "2268"]
[BlackElo "2372"]
[TimeControl "180+1"]
[EndTime "12:02:35 PDT"]
[Termination "Richarzard69 won on time"]

1. Nf3 d5 2. c4 d4 3. e3 c5 4. exd4 cxd4 5. d3 a5 6. g3 Nc6 7. Bg2 Bg4 8. O-O Qd7 9. Re1 Nf6 10. Qa4 Bf5 11. Bf4 e6 12. Na3 Bb4 13. Nb5 O-O 14.
Red1 Bg4 15. h3 Bxf3 16. Bxf3 e5 17. Bg5 Qxh3 18. Bxf6 gxf6 19. Nc7 Rac8 20. Nd5 Qe6 21. Qc2 f5 22. Qe2 f6 23. Kg2 Kh8 24. Rh1 Rg8 25. Nb6 Rcd8 26. Bd5 Qd6 27. Bxg8 Rxg8 28. Nd5 Ne7 29.
Qh5 Rg7 30. Qe8+ Ng8 31. Rh6 1-0

[Event "*** Titled Tuesday Blitz"]
[Site "Chess.com"]
[Date "2020.05.26"]
[Round "10"]
[White "enriquetejedor"]
[Black "vinniethepooh"]
[Result "0-1"]
[WhiteElo "2444"]
[BlackElo "2568"]
[TimeControl "180+1"]
[EndTime "12:02:36 PDT"]
[Termination "vinniethepooh won by resignation"]

1. d4 Nf6 2. c4 e6 3. Nc3 Bb4 4.
Qc2 b6 5. e4 c5 6. d5 Qe7 7.
Ne2 exd5 8. exd5 O-O 9. Bg5 h6 10. Bh4 d6 11. O-O-O Nbd7 12. a3 Ba5 13. Ng3 Re8 14. Nf5 Qf8 15. Nb5 Ne5 16. Nfxd6 Rd8 17. Nxc8 Rdxc8 18. Bxf6 gxf6 19. Bd3 a6 20. Nc3 b5 21. Bf5 Rcb8 22. f4 Nxc4 23. Rd3 b4 24.
Rg3+ Kh8 25. Ne4 Nd6 26. Nxf6 bxa3 27. Rg8+ Qxg8 28. Nxg8 a2 29. Qb1 axb1=Q+ 30. Kxb1 Rxg8 31. Bh3 Rab8 32. g3 Rb4 33. Rd1 Rgb8 34. Rd2 Re4 35. Bg2 Bxd2 36. Bxe4 Nxe4 0-1

[Event "*** Titled Tuesday Blitz"]
[Site "Chess.com"]
[Date "2020.05.26"]
[Round "10"]
[White "RATNAKARAN"]
[Black "ErikRonka"]
[Result "1-0"]
[WhiteElo "2541"]
[BlackElo "2383"]
[TimeControl "180+1"]
[EndTime "12:02:36 PDT"]
[Termination "RATNAKARAN won by resignation"]

1. e4 Nc6 2. d4 e5 3. Nf3 exd4 4.
Nxd4 Qh4 5. Nc3 Bb4 6. Qd3 Nf6 7. Nxc6 dxc6 8. e5 Ng4 9. g3 Qh5 10. f4 Bf5 11. Qc4 Bxc3+ 12. bxc3 Be6 13. Qe2 Bd5 14.
Bg2 Bxg2 15. Qxg2 f6 16. h3 Nh6 17. exf6 gxf6 18. Qe2+ Qxe2+ 19. Kxe2 O-O-O 20. g4 Rhe8+ 21. Kf3 Nf7 22. Be3 Nd6 23. Rad1 b6 24. f5 c5 25. Bh6 Nf7 26. Bg7 Ng5+ 27. Kf2 Rxd1 28. Rxd1 Ne4+ 29. Kf3 Nxc3 30. Rd3 Nxa2 31. Bxf6 Nb4 32.
Rd2 a5 33. Bg7 Nc6 34. f6 Ne5+ 35. Kf4 Nf7 36. c4 c6 37. h4 b5 38. g5 b4 39. Ra2 b3 40. Rb2 a4 41. h5 Nd6 42. g6 hxg6 43. hxg6 Nxc4 44. f7 Rd8 45. Rb1 a3 46. Rxb3 Nd2 47. Rxa3 Nc4 48. Ra8+ 1-0

[Event "*** Titled Tuesday Blitz"]
[Site "Chess.com"]
[Date "2020.05.26"]
[Round "10"]
[White "Leo_C"]
[Black "2008king"]
[Result "0-1"]
[WhiteElo "2255"]
[BlackElo "2131"]
[TimeControl "180+1"]
[EndTime "12:02:36 PDT"]
[Termination "2008king won by resignation"]

1. e4 e5 2. Nf3 Nc6 3. Bc4 Bc5 4. b4 Bxb4 5. c3 Be7 6. d4 Na5 7. Bd3 d6 8. O-O Nf6 9. Nbd2 Bg4 10. h3 Be6 11. Ba3 O-O 12. d5 Bd7 13. c4 b6 14.
Ne1 Nb7 15. Bb2 Nc5 16. Bc2 a5 17. f4 exf4 18. e5 dxe5 19. Bxe5 Bd6 20. Bxd6 cxd6 21.
Rxf4 Qe7 22. Rf3 Rfe8 23. Nd3 Qe2 24. Nf4 Qxd1+ 25. Rxd1 Nfe4 26. Nxe4 Nxe4 27. Re1 Nc5 28. Rb1 Rab8 29. Kf2 g6 30. Ne2 Re5 31. Nd4 f5 32.
Nc6 Bxc6 33. dxc6 Ne6 34. Rfb3 Nd4 35. Rxb6 Rc8 36. Ba4 Re2+ 37. Kg3 Rxa2 38. c7 Rxc7 39. Rxd6 Rxa4 40. Rxd4 Raxc4 41. Rb8+ Kg7 42. Rdd8 Rc3+ 43.
Kh4 Kh6 44. Rd6 R7c4+ 45. g4 fxg4 46. hxg4 Rb4 47. Rxb4 axb4 48. g5+ Kg7 49. Rd7+ Kg8 50. Rd8+ Kf7 51. Rd7+ Ke6 52. Rxh7 Rc4+ 53. Kg3 Kf5 54. Rb7 Kxg5 55. Rb5+ Kh6 56. Rb6 Kh5 57. Rb5+ g5 58.
Rb8 Rc3+ 59. Kg2 b3 60. Rb4 g4 61. Kh2 Kh4 62. Kg2 Rc2+ 63. Kg1 0-1

[Event "*** Titled Tuesday Blitz"]
[Site "Chess.com"]
[Date "2020.05.26"]
[Round "10"]
[White "Bigfish1995"]
[Black "Sychev_Klementy"]
[Result "1-0"]
[WhiteElo "3027"]
[BlackElo "2869"]
[TimeControl "180+1"]
[EndTime "12:02:38 PDT"]
[Termination "Bigfish1995 won on time"]

1. h4 e5 2. h5 h6 3. c4 Nf6 4.
Nc3 c6 5. d4 exd4 6. Qxd4 d5 7.
Bf4 Be6 8. cxd5 cxd5 9. e3 Nc6 10. Bb5 Be7 11. Qa4 O-O 12. Nf3 Qb6 13. Rd1 a6 14.
Bxc6 bxc6 15. Qb3 Qa5 16. Nd4 Bd7 17. Qb7 Rfc8 18. f3 Qd8 19. g4 Ne8 20. Qb3 Nd6 21. Kf2 Rab8 22. Qc2 Rb7 23. b3 Ne8 24. Nf5 Bf6 25.
Na4 c5 26. Rxd5 c4 27. Nc5 cxb3 28. axb3 Qb6 29. Rc1 Be6 30. Rd2 Qb4 31. Rdd1 Rb5 32. Qe4 Qxe4 33. Nxe4 Bxf5 34. Nxf6+ Nxf6 35. Rxc8+ Bxc8 36. Rd8+ Kh7 37. Rxc8 1-0

[Event "*** Titled Tuesday Blitz"]
[Site "Chess.com"]
[Date "2020.05.26"]
[Round "10"]
[White "Chepaschess"]
[Black "Oleksandr_Bortnyk"]
[Result "0-1"]
[WhiteElo "2824"]
[BlackElo "2980"]
[TimeControl "180+1"]
[EndTime "12:02:38 PDT"]
[Termination "Oleksandr_Bortnyk won by resignation"]

1. Nf3 Nf6 2. c4 b6 3. d4 Bb7 4. g3 g6 5. Bg2 Bg7 6. O-O O-O 7.
d5 e6 8. Nc3 exd5 9. cxd5 Re8 10. Nd4 Na6 11. Bf4 Nc5 12. Rc1 a5 13. Ndb5 d6 14. Re1 Qd7 15. a4 Re7 16. Nd4 Rae8 17. Nc6 Bxc6 18. dxc6 Qc8 19. Bg5 Re5 20. Bf4 R5e7 21.
Nb5 Nh5 22. Bg5 Bf6 23. Bxf6 Nxf6 24. Qd4 Qf5 25. Bf3 Nb3 26. Qc3 Nxc1 27. Rxc1 h5 28. Nd4 Qe5 29. e3 h4 30. Nb5 Qg5 31. Qd4 Ne4 32. Bg2 hxg3 33. hxg3 Nc5 34. Qd5 Qxd5 35. Bxd5 Nd3 36. Rc3 Nb4 37. Bf3 Kg7 38. Kg2 d5 39.
Rc1 f5 40. Nd4 Rf8 41. Be2 Rf6 42. Bb5 g5 43. Kf3 Re4 44. Rh1 f4 45. gxf4 gxf4 46. Ke2 fxe3 47. fxe3 Rg4 48. Rh2 Rg1 49. Nf3 Rb1 50. Rg2+ Kf8 0-1

[Event "*** Titled Tuesday Blitz"]
[Site "Chess.com"]
[Date "2020.05.26"]
[Round "10"]
[White "51616516516"]
[Black "Unknown_IM"]
[Result "0-1"]
[WhiteElo "2379"]
[BlackElo "2530"]
[TimeControl "180+1"]
[EndTime "12:02:38 PDT"]
[Termination "Unknown_IM won on time"]

1. d4 d5 2. c4 c6 3. Nf3 Nf6 4. Nc3 e6 5. Bg5 Nbd7 6. e3 Be7 7. Rc1 O-O 8. Qc2 b6 9. Bd3 Bb7 10. O-O Rc8 11. Rfd1 c5 12. cxd5 exd5 13. Bf5 h6 14.
Bh4 cxd4 15. exd4 Ne4 16. Bxe7 Qxe7 17. Ne5 Nxe5 18. Bxc8 Rxc8 19. Nxd5 Qg5 20. Qxc8+ Bxc8 21. Rxc8+ Kh7 22. dxe5 Qxe5 23. Rc2 Qh5 24. Ne3 Qg5 25. h3 Qf4 26. Rd4 Qe5 27. Rd5 Qf6 28. Rf5 Qg6 29. Rc7 Ng5 30. Kf1 Ne6 0-1

[Event "*** Titled Tuesday Blitz"]
[Site "Chess.com"]
[Date "2020.05.26"]
[Round "10"]
[White "blitzking1729"]
[Black "eCztery"]
[Result "1-0"]
[WhiteElo "2493"]
[BlackElo "2326"]
[TimeControl "180+1"]
[EndTime "12:02:38 PDT"]
[Termination "blitzking1729 won by checkmate"]

1. Nf3 c5 2. g3 Nc6 3. Bg2 g6 4. O-O Bg7 5. c3 Nf6 6. d4 cxd4 7. cxd4 d5 8. Nc3 O-O 9. Ne5 Bf5 10. Nxc6 bxc6 11. b3 Ne4 12. Na4 c5 13. Bb2 cxd4 14. Bxd4 e5 15. Bb2 Rc8 16. Rc1 Rxc1 17.
Qxc1 Qe7 18. Ba3 Qd7 19. Bxf8 Bxf8 20. Rd1 d4 21. Bxe4 Bxe4 22. Nc5 Bxc5 23. Qxc5 Qh3 24. f3 Qh6 25. Qc1 Qh5 26. fxe4 Qxe2 27. Qd2 Qxe4 28. Re1 Qd5 29. Qg5 d3 30. Rxe5 Qd4+ 31. Qe3 Qa1+ 32. Kg2 Qxa2+ 33. Qf2 d2 34. Rd5 Qxb3 35.
Qxd2 Qb7 36. Kh3 h5 37. Rd8+ Kh7 38. Qd4 Kh6 39. Rh8+ Kg5 40. Qf4# 1-0

[Event "*** Titled Tuesday Blitz"]
[Site "Chess.com"]
[Date "2020.05.26"]
[Round "10"]
[White "Giraffe_Chess"]
[Black "Nastya_Rakhmangulova"]
[Result "0-1"]
[WhiteElo "2408"]
[BlackElo "2319"]
[TimeControl "180+1"]
[EndTime "12:02:38 PDT"]
[Termination "Nastya_Rakhmangulova won by checkmate"]

1. d4 d5 2. c4 c6 3. Nf3 Nf6 4. Qc2 g6 5. Bf4 Bf5 6. Qb3 Bg7 7. Qxb7 Nbd7 8. Nc3 O-O 9. e3 Nh5 10.
Bc7 Qc8 11. Qxc6 dxc4 12. Qxc4 Qb7 13. Rc1 Be6 14. d5 Bxc3+ 15. Qxc3 Bxd5 16. Be2 Rac8 17. O-O Nhf6 18. b3 Ne8 19. Qa5 Nxc7 20. Rfd1 Bxf3 21.
Bxf3 Qb6 22. Qa3 Ne5 23. Be2 Ne6 24. Qxe7 Rxc1 25. Rxc1 Qa5 26. a4 Qd2 27. Qa3 Qxe2 28. b4 Nd3 29. Rf1 Rc8 30. b5 Rc2 31. a5 Nxf2 32. b6 Nh3+ 33. gxh3 Qg2# 0-1

[Event "*** Titled Tuesday Blitz"]
[Site "Chess.com"]
[Date "2020.05.26"]
[Round "10"]
[White "ArnieChipmunk"]
[Black "sergeikim"]
[Result "0-1"]
[WhiteElo "2290"]
[BlackElo "2407"]
[TimeControl "180+1"]
[EndTime "12:02:38 PDT"]
[Termination "sergeikim won by resignation"]

1. e4 e5 2. d4 exd4 3. Qxd4 Nc6 4. Qe3 Nf6 5. Nc3 d6 6. Bd2 Be7 7. O-O-O O-O 8. Qg3 Re8 9. f3 Bf8 10. h4 Kh8 11.
Nh3 Be6 12. Ng5 h6 13. f4 Qe7 14. f5 Bd7 15. Bc4 Ne5 16. Bb3 Kg8 17. Bf4 Nh5 18.
Qf2 Nxf4 19. Qxf4 c6 20. g4 Qf6 21. Nxf7 Nxf7 22. g5 Qe5 23. Qxe5 Rxe5 24. g6 Be8 25. gxf7+ Bxf7 26. Rhg1 Bxb3 27. axb3 Kf7 28. Rg6 Be7 29. Rdg1 Bf6 30. Rd1 Rd8 31. h5 b5 32. Re1 Rde8 33. Rd1 Rd8 34. Re1 b4 35. Nd1 Rde8 36. Nf2 Rxf5 37.
Nd3 Rxh5 38. Rg2 a5 39. Rf2 Kg8 40. Rg1 Bd4 0-1

[Event "*** Titled Tuesday Blitz"]
[Site "Chess.com"]
[Date "2020.05.26"]
[Round "10"]
[White "FMchesstrainer"]
[Black "Bhagya_2312"]
[Result "0-1"]
[WhiteElo "2374"]
[BlackElo "2108"]
[TimeControl "180+1"]
[EndTime "12:02:38 PDT"]
[Termination "Bhagya_2312 won by checkmate"]

1. d4 d5 2. Bg5 c6 3. e3 Bf5 4. c4 Qb6 5. cxd5 cxd5 6. Qb3 Qxb3 7. axb3 Nc6 8. Nc3 e6 9. f3 Bb4 10. Kf2 Bg6 11. Nge2 Nge7 12. Nf4 Bc2 13. Bd3 Bxb3 14. Be2 h6 15. Bh4 g5 16. Nd3 gxh4 17. Nxb4 Nxb4 18. Bb5+ Kf8 19. Ra3 Bc4 20. Ba4 a6 21. Bd1 Kg7 22. b3 Bb5 23. f4 Nf5 24. Bf3 Rac8 25. Nxb5 axb5 26. Ra7 Rc2+ 27. Be2 Nd6 28. Kf3 Rhc8 29. Rg1 Rd2 30. g3 h3 31. Re1 Rcc2 32. g4 Ne4 33. Rxb7 Nd3 34. Bxd3 Rf2# 0-1

[Event "*** Titled Tuesday Blitz"]
[Site "Chess.com"]
[Date "2020.05.26"]
[Round "10"]
[White "TregubovP"]
[Black "eightbyeightchess"]
[Result "1-0"]
[WhiteElo "2569"]
[BlackElo "2446"]
[TimeControl "180+1"]
[EndTime "12:02:39 PDT"]
[Termination "TregubovP won by resignation"]

1. e4 e6 2. d4 d5 3. exd5 exd5 4. Nf3 Bd6 5. c4 Nf6 6. c5 Be7 7. Bd3 O-O 8. O-O Bg4 9. h3 Bh5 10. Be3 Re8 11. Nbd2 Nc6 12. Qa4 Nd7 13. b4 a6 14.
Qb3 Nf8 15. a4 Bf6 16. b5 axb5 17. axb5 Ne7 18. b6 cxb6 19. Rxa8 Qxa8 20. Qxb6 Ne6 21. Rb1 Nc6 22. Qxb7 Qxb7 23. Rxb7 Bxf3 24. Nxf3 Ncxd4 25. Nxd4 Nxc5 26. Bb5 Nxb7 27. Bxe8 Nd8 28. Kf1 Kf8 29. Ba4 Ke7 30. Ke2 Bxd4 31. Bxd4 f6 32. Kd3 Kd6 33. Bb2 Ne6 34. Ba3+ Ke5 35. g3 g5 36. Bd7 Nc7 37. Bb2+ Kd6 38. Bf5 Ke7 39. Bxh7 Ke6 40. h4 gxh4 41. gxh4 f5 42. h5 Ne8 43. Bg8+ Ke7 44. h6 Nf6 45. Bxf6+ Kxf6 46. Bxd5 1-0

[Event "*** Titled Tuesday Blitz"]
[Site "Chess.com"]
[Date "2020.05.26"]
[Round "10"]
[White "VincentKeymer"]
[Black "Gabix_94"]
[Result "1-0"]
[WhiteElo "2867"]
[BlackElo "2932"]
[TimeControl "180+1"]
[EndTime "12:02:40 PDT"]
[Termination "VincentKeymer won by resignation"]

1. d4 Nf6 2. c4 g6 3. Nf3 Bg7 4. g3 O-O 5. Bg2 d6 6. Nc3 Nbd7 7. O-O e5 8. e4 c6 9. h3 Qa5 10. Be3 Nb6 11. Qd3 exd4 12. Nxd4 Qa6 13. b3 d5 14. exd5 Nfxd5 15. Nxd5 Nxd5 16. Bg5 h6 17. Bd2 Rd8 18. Qe4 Nf6 19. Qe3 Ng4 20. hxg4 Bxd4 21. Qxh6 Bxg4 22. Bg5 Re8 23. Qh4 Bxa1 24.
Rxa1 f5 25. Bf6 Bh5 26. Qg5 Re6 27. Bc3 Qa3 28. Qh6 Qf8 29. Qh8+ Kf7 30. Qh7+ Ke8 31. Qxb7 Rd8 32. Bxc6+ Rxc6 33. Re1+ 1-0

[Event "*** Titled Tuesday Blitz"]
[Site "Chess.com"]
[Date "2020.05.26"]
[Round "10"]
[White "vaishali2001"]
[Black "Malysch"]
[Result "0-1"]
[WhiteElo "2594"]
[BlackElo "2497"]
[TimeControl "180+1"]
[EndTime "12:02:41 PDT"]
[Termination "Malysch won on time"]

1. e4 d5 2. exd5 Qxd5 3. Nc3 Qd6 4. d4 Nf6 5. Bc4 a6 6. Nge2 b5 7. Bb3 Bb7 8. Bf4 Qb6 9. Qd3 e6 10. O-O c5 11. dxc5 Bxc5 12. a4 Qc6 13. Qg3 b4 14. Bxb8 bxc3 15. Be5 cxb2 16. Bxb2 Ne4 17. Qh3 O-O 18.
Nf4 Rad8 19. Nh5 Bd4 20. Bxd4 Rxd4 21. f3 Nd2 22. Rf2 Rfd8 23. Qg3 g6 24. Nf6+ Kg7 25.
Ng4 Qc5 26. h3 h5 0-1

[Event "*** Titled Tuesday Blitz"]
[Site "Chess.com"]
[Date "2020.05.26"]
[Round "10"]
[White "DanielDardha2005"]
[Black "Bacyanide"]
[Result "1-0"]
[WhiteElo "2645"]
[BlackElo "2471"]
[TimeControl "180+1"]
[EndTime "12:02:41 PDT"]
[Termination "DanielDardha2005 won by resignation"]

1. e4 e5 2. Bc4 Nc6 3. Nf3 Nf6 4. d3 Bc5 5. c3 a6 6. Bb3 h6 7. h3 O-O 8. Nbd2 d5 9. Qe2 d4 10. g4 b5 11. cxd4 Nxd4 12. Nxd4 Bxd4 13. Nf3 Be6 14. g5 hxg5 15. Bxg5 Bxb3 16. axb3 Re8 17.
Rg1 Re6 18. Nh4 Qf8 19. Nf5 g6 20. Qf3 Nh5 21. Bh6 Qb4+ 22. Bd2 Qc5 23. Rc1 Bxf2+ 24. Qxf2 Qxf2+ 25. Kxf2 c6 26. Rxc6 Rxc6 27. Ne7+ Kf8 28. Nxc6 Rc8 29. Nxe5 Rc2 30. Ke3 Rxb2 31. b4 Ng7 32.
Rc1 Ne6 33. Rc6 a5 34. bxa5 b4 35. a6 b3 36. a7 Ra2 37. Rc8+ Kg7 38. a8=Q Rxa8 39.
Rxa8 b2 40. Rb8 Nc5 41. Rxb2 1-0

[Event "*** Titled Tuesday Blitz"]
[Site "Chess.com"]
[Date "2020.05.26"]
[Round "10"]
[White "Alexander_Donchenko"]
[Black "Gyapiking"]
[Result "1-0"]
[WhiteElo "2701"]
[BlackElo "2537"]
[TimeControl "180+1"]
[EndTime "12:02:42 PDT"]
[Termination "Alexander_Donchenko won by resignation"]

1. e4 d5 2. exd5 Qxd5 3. Nc3 Qd6 4. d4 Nf6 5. Nf3 c6 6. h3 Bf5 7.
Bd3 Bxd3 8. Qxd3 e6 9. O-O Nbd7 10. a4 Be7 11. a5 a6 12. Ne2 O-O 13. Bf4 Qd5 14.
c3 Qe4 15. Qxe4 Nxe4 16. Rfe1 Nef6 17. Nc1 Nd5 18. Bg3 Bf6 19. Nd3 Rac8 20. Ra3 Rfe8 21. Rb3 b5 22. axb6 N7xb6 23. Nc5 a5 24. Ra1 Ra8 25.
Nd2 a4 26. Rba3 Bg5 27. Nde4 Be7 28. R3a2 f5 29. Nd2 Bg5 30. Nf3 Bf6 31. Nxa4 Nxa4 32. Rxa4 Rxa4 33. Rxa4 f4 34. Bh4 Rb8 35. Bxf6 gxf6 36.
Ra2 Kf7 37. Kf1 Kg6 38. Ke2 Kf5 39. Kd3 Rg8 40. Ra6 e5 41. dxe5 fxe5 42. Ke2 Rb8 43. Ra2 c5 44. g4+ fxg3 45. fxg3 e4 46. Nd2 h5 47. Nc4 Rg8 48. Kf2 e3+ 49. Kf3 e2 50.
Ra1 Re8 51. Re1 Re4 52. Nd6+ 1-0

[Event "*** Titled Tuesday Blitz"]
[Site "Chess.com"]
[Date "2020.05.26"]
[Round "10"]
[White "dennisodessa"]
[Black "Dmitry_M1"]
[Result "1-0"]
[WhiteElo "2269"]
[BlackElo "2375"]
[TimeControl "180+1"]
[EndTime "12:02:42 PDT"]
[Termination "dennisodessa won by resignation"]

1. c4 e5 2. g3 Nc6 3. Bg2 f5 4.
Nc3 Nf6 5. e3 d6 6. Nge2 g6 7.
O-O Bg7 8. d3 O-O 9. Rb1 Be6 10.
b4 Qd7 11. b5 Nd8 12. a4 Rb8 13. Ba3 Nf7 14. c5 Rfd8 15. c6 bxc6 16. bxc6 Qe8 17.
Rb7 Rbc8 18. Nb5 Nd5 19. Nxa7 e4 20. dxe4 fxe4 21. Bxe4 Nf6 22. Bg2 Ne5 23. Nxc8 Rxc8 24. Nd4 Bg4 25. Qb3+ Kh8 26. Rb1 Ng8 27. Rb8 Qe7 28. a5 Qf6 29. a6 Nf3+ 30. Nxf3 Rxb8 31. Qxb8 Bxf3 32. Bxf3 Qxf3 33. a7 Bd4 34. a8=Q 1-0

[Event "*** Titled Tuesday Blitz"]
[Site "Chess.com"]
[Date "2020.05.26"]
[Round "10"]
[White "Gentle_Emperor"]
[Black "TudorAnton"]
[Result "0-1"]
[WhiteElo "2314"]
[BlackElo "2449"]
[TimeControl "180+1"]
[EndTime "12:02:44 PDT"]
[Termination "TudorAnton won by checkmate"]

1. d4 Nf6 2. Bf4 e6 3. e3 c5 4. Nf3 b6 5. c3 Be7 6. Nbd2 Bb7 7. Nc4 O-O 8. Nd6 Ba6 9. Bxa6 Nxa6 10. h3 Ne8 11.
Nxe8 Rxe8 12. Qe2 Nc7 13. O-O d5 14. Ne5 Bd6 15. Qh5 g6 16. Qh6 Bf8 17. Qg5 f6 18. Qg3 fxe5 19. Bxe5 Re7 20. Bf6 Ne8 21. Bxe7 Qxe7 22.
Rfe1 Nf6 23. f3 Qd7 24. Rad1 Bd6 25. Qh4 Rf8 26. f4 Ne4 27. g4 cxd4 28. cxd4 Bb4 29.
Re2 Qb5 30. Rc2 Bd6 31. g5 Qa6 32. Qg4 Re8 33. b3 Kf7 34. Rc6 Qb5 35. Rdc1 Qd3 36. Qf3 Bb4 37. Rc7+ Re7 38. h4 Bd2 39. Rxe7+ Kxe7 40. Rc7+ Kd6 41. Rxh7 Bxe3+ 42. Kg2 Qd2+ 43. Kh3 Bxf4 44.
Kg4 Nf2+ 45. Qxf2 Qxf2 46. Rd7+ Kxd7 47. h5 Qg3# 0-1

[Event "*** Titled Tuesday Blitz"]
[Site "Chess.com"]
[Date "2020.05.26"]
[Round "10"]
[White "grandcoach"]
[Black "larisakalinina"]
[Result "1-0"]
[WhiteElo "2085"]
[BlackElo "1937"]
[TimeControl "180+1"]
[EndTime "12:02:45 PDT"]
[Termination "grandcoach won on time"]

1. e4 c5 2. b4 cxb4 3. a3 b3 4. cxb3 Nc6 5. d4 d5 6. e5 Bf5 7. Nf3 Qa5+ 8. Bd2 Qb6 9. Be3 e6 10. Nc3 Rc8 11. Be2 Nh6 12. O-O Ng4 13. Na4 Qd8 14.
Bg5 f6 15. exf6 gxf6 16. Bh4 Bg7 17. Nc5 b6 18. Nd3 O-O 19. Nf4 Qd6 20. Nh5 Bh8 21. h3 Nxd4 22. hxg4 Nxe2+ 23. Qxe2 Bxg4 24. Ng3 e5 25. Rfd1 Qe6 26. Qd2 Bxf3 27. gxf3 d4 28. Qh6 Rc7 29.
Kg2 Bg7 30. Qh5 f5 31. Rg1 Kh8 32. Bg5 1-0

[Event "*** Titled Tuesday Blitz"]
[Site "Chess.com"]
[Date "2020.05.26"]
[Round "10"]
[White "DariaVoit"]
[Black "kushagramohan"]
[Result "1-0"]
[WhiteElo "2528"]
[BlackElo "2653"]
[TimeControl "180+1"]
[EndTime "12:02:46 PDT"]
[Termination "DariaVoit won on time"]

1. d4 Nf6 2. Nf3 g6 3. c4 Bg7 4. Nc3 O-O 5. Bg5 c5 6. d5 d6 7. e3 h6 8. Bh4 g5 9. Bg3 Nh5 10.
Bd3 Nxg3 11. hxg3 Nd7 12. Nxg5 Qa5 13. Ne4 f5 14. Nd2 Bxc3 15. bxc3 Qxc3 16. Rxh6 Kg7 17.
Qh5 Qxa1+ 18. Ke2 Qf6 19. Rxf6 Nxf6 20. Qg5+ Kf7 21. Bxf5 Rg8 22. Qf4 a6 23. Ne4 Bxf5 24.
Qxf5 Rae8 25. Qe6+ Kg6 26. Nxf6 exf6 27. Qxd6 b5 28. cxb5 c4 29. b6 Rb8 30. e4 Rb7 31. e5 Rf8 32. Kd2 Rff7 33. Kc3 Kf5 34. e6 Rfe7 35.
Qf4+ Kg6 36. Qg4+ Kh6 37. d6 Rg7 38. Qf4+ Kg6 39. d7 1-0

[Event "*** Titled Tuesday Blitz"]
[Site "Chess.com"]
[Date "2020.05.26"]
[Round "10"]
[White "Denis_Palkovich"]
[Black "DivyaDeshmukh23"]
[Result "1-0"]
[WhiteElo "2322"]
[BlackElo "2418"]
[TimeControl "180+1"]
[EndTime "12:02:46 PDT"]
[Termination "Denis_Palkovich won by resignation"]

1. d4 Nf6 2. Bf4 d5 3. e3 Bf5 4. c4 e6 5. Nc3 c6 6. Qb3 Qb6 7. c5 Qxb3 8. axb3 Nbd7 9. b4 Nh5 10. Bc7 Rc8 11. Be5 a6 12. h3 Nhf6 13. Bh2 h5 14.
Nf3 Be7 15. Nd2 Ne4 16. Ncxe4 Bxe4 17. Nb3 Bd8 18. Na5 Bxa5 19. bxa5 e5 20. Ra4 exd4 21. exd4 O-O 22. Rb4 Rfe8 23. Kd2 Nf8 24. Rxb7 Ne6 25.
Kc3 f5 26. f3 Bb1 27. Bxa6 Ra8 28. Rb6 Ba2 29. b4 Ra7 30. Bd3 Bc4 31. Bxc4 dxc4 32.
Rxc6 f4 33. Kxc4 Rd7 34. Rxe6 Rxe6 35. Bxf4 Re2 36. c6 Rc2+ 37. Kb5 Rxd4 38. Be3 Rd3 39. Bc5 Rd8 40. c7 Rc8 41. Kc6 Re2 42. b5 Ree8 43. b6 Ra8 44. b7 1-0

[Event "*** Titled Tuesday Blitz"]
[Site "Chess.com"]
[Date "2020.05.26"]
[Round "10"]
[White "rasmussvane"]
[Black "Aygehovit1992"]
[Result "1-0"]
[WhiteElo "2860"]
[BlackElo "2717"]
[TimeControl "180+1"]
[EndTime "12:02:47 PDT"]
[Termination "rasmussvane won on time"]

1. Nf3 Nf6 2. g3 g6 3. Bg2 Bg7 4. O-O O-O 5. d4 d6 6. Re1 Nbd7 7. e4 e5 8. Nc3 c6 9. a4 exd4 10. Nxd4 Re8 11. h3 Nc5 12. Bf4 d5 13. exd5 Rxe1+ 14.
Qxe1 Nxd5 15. Nxd5 cxd5 16. Be5 f6 17. Bf4 g5 18.
Bd2 Ne4 19. c4 Nxd2 20. Bxd5+ Kh8 21. Qxd2 Bxh3 22. Re1 Qd7 23. Qe2 Bg4 24. Qe7 Qxa4 25. Qf7 Rf8 26. Qxb7 Bc8 27. Qc7 f5 28. Nf3 f4 29. Nxg5 fxg3 30. Nf7+ Kg8 31. Ng5+ Kh8 32. Qxg3 Qa5 33. Nf7+ Kg8 34. Ne5+ Kh8 35. Ng6+ hxg6 36. Qh4+ 1-0

[Event "*** Titled Tuesday Blitz"]
[Site "Chess.com"]
[Date "2020.05.26"]
[Round "10"]
[White "Borsuk_Konstantin"]
[Black "kuba2006"]
[Result "0-1"]
[WhiteElo "2570"]
[BlackElo "2417"]
[TimeControl "180+1"]
[EndTime "12:02:48 PDT"]
[Termination "kuba2006 won on time"]

1. d4 Nf6 2. c4 d6 3. Nc3 Nbd7 4. e4 e5 5. Nge2 g6 6. f3 Bg7 7. d5 O-O 8. Bg5 h6 9. Be3 Kh7 10. g4 b6 11. Ng3 Ng8 12. h4 Nc5 13. b4 Nb7 14. h5 a5 15. a3 Bd7 16. g5 axb4 17.
axb4 Rxa1 18. Qxa1 hxg5 19. Qa7 Bc8 20. Bh3 Bh6 21.
Ke2 Bxh3 22. Rxh3 Qc8 23. Rh1 Kg7 24. Kd3 g4 25. Bxh6+ Nxh6 26. Rf1 gxf3 27. Rxf3 Qg4 28. Re3 Qc8 29. Nb5 f5 0-1

[Event "*** Titled Tuesday Blitz"]
[Site "Chess.com"]
[Date "2020.05.26"]
[Round "10"]
[White "JiangoFett"]
[Black "PavelShkapenko"]
[Result "1/2-1/2"]
[WhiteElo "2350"]
[BlackElo "2626"]
[TimeControl "180+1"]
[EndTime "12:02:49 PDT"]
[Termination "Game drawn by repetition"]

1. d4 Nf6 2. c4 e6 3. g3 Bb4+ 4. Nd2 O-O 5. Bg2 d5 6. Nf3 b6 7.
O-O Bb7 8. a3 Be7 9. Qc2 c5 10.
Rd1 Nbd7 11. cxd5 exd5 12. Nb1 Rc8 13. Nc3 Ne4 14. dxc5 Nxc3 15. Qxc3 Nxc5 16. Be3 Ne6 17. Qd2 Bf6 18. Nd4 Nc5 19. Qe1 Qd7 20. Qf1 Na4 21.
Bh3 Qe7 22. Bxc8 Rxc8 23. Rac1 Nxb2 24. Rxc8+ Bxc8 25. Rc1 Nc4 26. Qd1 Bd7 27. Qd3 g6 28. Nf3 Be6 29. Bd4 Bxd4 30. Nxd4 Qxa3 31. Nxe6 fxe6 32.
Qd1 a5 33. e4 Qc5 34. exd5 Qxd5 35. Qb3 b5 36. Re1 a4 37. Qc3 Nd2 38. Re3 Ne4 39.
Qc8+ Kf7 40. Qc7+ Kg8 41. Qc8+ Kg7 42. Qc7+ Kg8 43. Qc8+ 1/2-1/2